 Dungeon Crawl Stone Soup version 0.23.1-37-gaa34b87 (webtiles) character file.

Game seed: 855379980602459715

56 snowfan the Conjurer (level 3, 0/19 HPs)
             Began as a Deep Elf Conjurer on Mar 26, 2019.
             Slain by Natasha (5 damage)
             ... on level 2 of the Dungeon.
             The game lasted 00:04:31 (1090 turns).

snowfan the Conjurer (Deep Elf Conjurer)            Turns: 1090, Time: 00:04:31

Health: 0/19       AC:  3    Str:  5    XL:     3   Next: 71%
Magic:  2/10       EV: 13    Int: 20    God:
Gold:   99         SH:  0    Dex: 15    Spells: 9/10 levels left

rFire    . . .     SeeInvis .   d - +0 hand axe
rCold    . . .     Gourm    .   (no shield)
rNeg     . . .     Faith    .   a - +0 robe
rPois    .         Spirit   .   (no helmet)
rElec    .         Reflect  .   (no cloak)
rCorr    .         Harm     .   (no gloves)
MR       .....                  j - +0 pair of boots
Stlth    ++........             (no amulet)
HPRegen  0.06/turn              (no ring)
MPRegen  0.12/turn              (no ring)

@: no status effects
A: no striking features
a: no special abilities


You were on level 2 of the Dungeon.
You were not hungry.

You visited 1 branch of the dungeon, and saw 2 of its levels.

You collected 99 gold pieces.

Inventory:

Hand Weapons
 d - a +0 hand axe (weapon)
Missiles
 b - 61 stones (quivered)
 i - 15 sling bullets
Armour
 a - a +0 robe (worn)
 j - a +0 pair of boots (worn)
Scrolls
 e - a scroll of enchant weapon {unknown}
 g - a scroll of identify {unknown}
 h - a scroll of teleportation {unknown}
 n - a scroll of enchant armour {unknown}
Potions
 k - a potion of lignification {unknown}
 l - a potion of curing {unknown}
 m - a potion of mutation {unknown}
Comestibles
 c - 3 rations
 f - 5 chunks of flesh


   Skills:
 - Level 2.4 Dodging
 - Level 2.4 Stealth
 - Level 4.0 Spellcasting
 + Level 5.5 Conjurations


You had 9 spell levels left.
You knew the following spells:

 Your Spells              Type           Power        Failure   Level  Hunger
a - Magic Dart            Conj           ####         1%          1    None

Your spell library contained the following spells:

 Spells                   Type           Power        Failure   Level  Hunger
 Searing Ray              Conj           ####..       1%          2    #......
 Dazzling Spray           Conj/Hex       ###...       12%         3    ###....
 Iskenderun's Mystic Bla  Conj           ####....     13%         4    ####...
 Force Lance              Conj/Tloc      ###.....     38%         4    ####...
 Fulminant Prism          Conj/Hex       ###.......   38%         4    ####...


Dungeon Overview and Level Annotations

Branches:
Dungeon (2/15)

Altars:
Wu Jian
Yredelemnul

Annotations:
D:2 Natasha


Message History

Casting: Magic Dart (safe; 1% risk of failure)
Confirm with . or Enter, or press ? or * to list all spells.
Aiming: Magic Dart (safe; 1% risk of failure)
Press: ? - help, Shift-Dir - straight line, f/p - Natasha
Aim: Natasha (almost dead)
The magic dart hits Natasha but does no damage.
Natasha is almost dead.
Natasha stares at you and mumbles some strange words.
You resist with some effort.
Casting: Magic Dart (safe; 1% risk of failure)
Confirm with . or Enter, or press ? or * to list all spells.
Aiming: Magic Dart (safe; 1% risk of failure)
Press: ? - help, Shift-Dir - straight line, f/p - Natasha
Aim: Natasha (almost dead)
The magic dart hits Natasha.
Natasha is almost dead.
Natasha wildly gestures.
Natasha's front paws start to glow.
Natasha claws you.
You die...

#.##.###
#.###.#. #.#
##<. ###
#######.# ##.
...
.....[...#####.
#.#
.#######.......
... ..## #
#######.
#.###...#..
........
#.h@......#
#######>
#.#.......# #.
# #......## ##
#. #.#...## #.#
#.##.## #.# #.#
.# #.# #.## #
#.# #..######
#.# #...'._⌠#


You could see Natasha.

Vanquished Creatures
  Natasha (D:2)
  An ooze (D:2)
  2 giant cockroaches
  4 hobgoblins
  A quokka (D:2)
  3 bats
  4 frilled lizards
  4 goblins
  5 kobolds
  3 rats
28 creatures vanquished.

Notes
Turn   | Place    | Note
-------+----------+-------------------------------------------
     0 | D:1      | snowfan the Deep Elf Conjurer began the quest for the Orb.
     0 | D:1      | Reached XP level 1. HP: 10/10 MP: 6/6
   197 | D:1      | Reached XP level 2. HP: 14/15 MP: 0/8
   640 | D:2      | Noticed Natasha
   646 | D:2      | Killed Natasha
   646 | D:2      | Reached skill level 5 in Conjurations
   646 | D:2      | Reached XP level 3. HP: 18/19 MP: 3/10
  1065 | D:2      | Found a basalt altar of Yredelemnul.
  1065 | D:2      | Found an ornate altar of the Wu Jian Council.
  1081 | D:2      | Noticed Natasha
  1090 | D:2      | Slain by Natasha

Skill      XL: |  1  2  3 |
---------------+----------+-----
Conjurations   | 5 |  5.5
Spellcasting   | 4 |  4.0
Dodging        | |  2.4
Stealth        | |  2.4

Action                   || total
-------------------------++-------
 Cast: Magic Dart        ||    61
Armor: Robe              ||     2
Dodge: Dodged            ||     3
